 Dungeon Crawl Stone Soup version 0.20.0 (webtiles) character file.

117 MatthieuS the Conjurer (level 5, -1/35 HPs)
             Began as a Human Conjurer on June 18, 2017.
             Slain by Ijyb
             ... wielding a +0 dagger
              (4 damage)
             ... on level 3 of the Dungeon.
             The game lasted 00:09:24 (3875 turns).

MatthieuS the Conjurer (Human Conjurer)             Turns: 3875, Time: 00:09:24

Health: -1/35      AC:  5    Str: 11 (14) XL:     5   Next: 22%
Magic:  9/9        EV: 11    Int: 15 (16) God:
Gold:   143        SH:  0    Dex: 10 (13) Spells: 4/10 levels left

rFire    . . .     SeeInvis +   k - +0 halberd
rCold    . . .     Gourm    .   (shield currently unavailable)
rNeg     . . .     Faith    .   u - +2 leather armour {MR+}
rPois    .         Spirit   .   (no helmet)
rElec    .         Reflect  .   (no cloak)
rCorr    +         Harm     .   (no gloves)
MR       +....                  (no boots)
Stlth    ++........             c - amulet of magic regeneration
Regen    0.2/turn               n - ring of see invisible
MPRegen  0.2/turn               r - ring of resist corrosion

@: mighty
A: no striking features
a: no special abilities


You were on level 3 of the Dungeon.
You were not hungry.

You visited 1 branch of the dungeon, and saw 3 of its levels.

You collected 143 gold pieces.

Inventory:

Hand Weapons
 f - a +0 dagger
 k - a +0 halberd (weapon)
Missiles
 g - 59 stones (quivered)
 q - 16 sling bullets
Armour
 u - a +2 leather armour of magic resistance (worn)
Jewellery
 a - an uncursed amulet of rage {unknown}
 c - an amulet of magic regeneration (around neck)
 i - an uncursed ring of ice
 n - a ring of see invisible (left hand)
 r - a ring of resist corrosion (right hand)
Scrolls
 e - 4 scrolls of teleportation
 h - a scroll of enchant weapon {unknown}
Potions
 m - a potion of curing
Books
 b - a book of Conjurations

   Spells                             Type                      Level
   a - Magic Dart                     Conjuration                  1
   b - Searing Ray                    Conjuration                  2
   c - Dazzling Spray                 Conjuration/Hexes            3
   d - Fulminant Prism                Conjuration/Hexes            4
   e - Force Lance                    Conjuration/Translocation    4
   f - Iskenderun's Mystic Blast      Conjuration                  4
Comestibles
 d - 9 chunks of flesh
 j - a royal jelly
 l - 2 bread rations
 s - 3 meat rations


   Skills:
 - Level 2.2 Short Blades
 + Level 1.8 Polearms
 - Level 2.0 Dodging
 - Level 2.0 Stealth
 - Level 3.0 Spellcasting
 + Level 4.4 Conjurations


You had 4 spell levels left.
You knew the following spells:

 Your Spells              Type           Power        Failure   Level  Hunger
a - Magic Dart            Conj           ###.         4%          1    #......
b - Searing Ray           Conj           ###...       6%          2    ##.....
c - Dazzling Spray        Conj/Hex       #.....       32%         3    ###....


Dungeon Overview and Level Annotations

Branches:
Dungeon (3/15)

Altars:
Ashenzari
Elyvilon
Gozag
Xom
The Shining One

Annotations:
D:3 Ijyb


Message History

Ijyb is almost dead.
The adder hisses angrily.
Ijyb is no longer moving quickly.
Ijyb closely misses you. Ijyb hits you but does no damage.
You barely miss Ijyb.
Ijyb is almost dead.
Ijyb closely misses you.
You barely miss Ijyb.
Ijyb is almost dead.
Ijyb hits you but does no damage. Ijyb barely misses you.
You barely miss Ijyb.
Ijyb is almost dead.
Ijyb zaps a wand.
The puff of flame hits you!
* * * LOW HITPOINT WARNING * * *
You hit Ijyb.
Ijyb is almost dead.
Ijyb hits you with a dagger.
* * * LOW HITPOINT WARNING * * *
Ijyb hits you with a dagger.
You die...

...##....#.. #...## ###
...##.###### ##..## ..#
.........# ##....# #(#8
..###.##.## ##....##
###.#. ......##..#
#.....# #...#8
......###.#.# ###....##
#..... <.....# #.#...
#gg...## #..... ......#
#.#....##ggS.#######...##
##.#).#
#.#.....@##.#.#.##g....##
......#
#.#.#######g..#.........=
.#...####.#
#...g............
.#........#
#.#####..........
...#..##### #.#
#....###### ####..). #.+
#....# #...## #.# #....#
#...# #.#####....# ##.##
#..........#


You could see Ijyb, an adder and 3 goblins.

Vanquished Creatures
  A gnoll (D:1)
  4 adders
  3 dart slugs (D:1)
  A leopard gecko (D:1)
  2 orcs (D:3)
  8 bats
  5 giant cockroaches
  6 goblins
  5 hobgoblins
  13 kobolds
  A quokka (D:2)
  A ball python (D:3)
  4 frilled lizards
  7 rats
61 creatures vanquished.

Notes
Turn   | Place    | Note
-------+----------+-------------------------------------------
     0 | D:1      | MatthieuS the Human Conjurer began the quest for the Orb.
     0 | D:1      | Reached XP level 1. HP: 13/13 MP: 3/3
   177 | D:1      | Reached skill level 1 in Short Blades
   177 | D:1      | Reached XP level 2. HP: 19/19 MP: 0/5
   989 | D:1      | Reached XP level 3. HP: 12/24 MP: 2/6
  1815 | D:1      | Reached XP level 4. HP: 16/30 MP: 1/8
  2175 | D:1      | Learned a level 2 spell: Searing Ray
  2179 | D:1      | Learned a level 3 spell: Dazzling Spray
  2607 | D:2      | Found an opulent altar of Gozag.
  2607 | D:2      | Found a white marble altar of Elyvilon.
  2607 | D:2      | Found a shattered altar of Ashenzari.
  2612 | D:2      | Found a shimmering altar of Xom.
  2672 | D:2      | Reached skill level 1 in Polearms
  2675 | D:2      | Found a faded altar of an unknown god.
  3473 | D:3      | Reached XP level 5. HP: 29/35 MP: 9/9
  3751 | D:3      | Found a glowing golden altar of the Shining One.
  3828 | D:3      | Noticed Ijyb
  3875 | D:3      | Slain by Ijyb

Skill      XL: |  1  2  3  4 |
---------------+-------------+-----
Short Blades   | 1 2 |  2.2
Spellcasting   | 3 |  3.0
Polearms       | 1 |  1.8
Dodging        | |  2.0
Stealth        | |  2.0
Conjurations   | |  4.4

Action                   |  1- 3 |  4- 6 || total
-------------------------+-------+-------++-------
Melee: Dagger            |    99 |       ||    99
       Halberd           |       |   200 ||   200
 Cast: Magic Dart        |    32 |     7 ||    39
  Use: Scroll            |       |     7 ||     7
       Potion            |       |     4 ||     4
 Stab: Sleeping          |     4 |     3 ||     7
  Eat: Chunk             |     1 |     5 ||     6
       Bread ration      |     1 |       ||     1
Armor: Robe              |    30 |       ||    30
       Ring mail         |       |    28 ||    28
       Leather armour    |       |    53 ||    53
Dodge: Dodged            |    97 |   132 ||   229
